 Dungeon Crawl Stone Soup version 0.27.1-35-g4d5d836560 (webtiles) character file.

Game seed: 7802211939959095701

665 cbfl8 the Sneak (level 7, -2/60 HPs)
             Began as a Minotaur Delver on Mar 25, 2022.
             Killed from afar by Natasha (10 damage)
             ... with a magic dart
             ... on level 4 of the Dungeon.
             The game lasted 00:09:50 (3895 turns).

cbfl8 the Sneak (Minotaur Delver)                   Turns: 3895, Time: 00:09:51

Health: -2/60      AC:  7    Str: 24    XL:     7   Next: 31%
Magic:  6/6        EV: 11    Int: 13    God:
Gold:   155        SH:  0    Dex: 17    Spells: 6/6 levels left

rFire    . . .     SeeInvis .   z - +10 short sword of the Wraith {freeze, +Rage Dex+5}
rCold    . . .     Faith    +   (no shield)
rNeg     . . .     Spirit   .   w - +0 scale mail
rPois    .         Reflect  .   (helmet restricted)
rElec    .         Harm     .   (no cloak)
rCorr    .         Rampage  .   (no gloves)
Will     .....                  (no boots)
Stlth    ++........             s - amulet of faith
HPRegen  0.20/turn              d - +6 ring of strength
MPRegen  0.10/turn              t - +6 ring of intelligence

@: hasted, very quick
A: horns 2, retaliatory headbutt
a: Evoke Berserk Rage


You were on level 4 of the Dungeon.
You visited 1 branch of the dungeon, and saw 5 of its levels.

You collected 155 gold pieces.

Inventory:

Hand Weapons
 a - a +0 hand axe
 n - a +1 hand axe of freezing
 x - a +0 war axe
 z - the +10 short sword of the Wraith (weapon) {freeze, +Rage Dex+5}
   (You found it on level 4 of the Dungeon)

   It freezes those it strikes, dealing additional cold damage.
   It can also slow down cold-blooded creatures.
   Dex:       It affects your dexterity (+5).
   +Rage:     It lets you go berserk.
Armour
 b - a +0 leather armour
 o - a +0 ring mail
 w - a +0 scale mail (worn)
Jewellery
 d - a +6 ring of strength (left hand)
 q - a ring of magical power
 s - an amulet of faith (around neck)
 t - a +6 ring of intelligence (right hand)
 A - a ring of protection from cold
Wands
 e - a wand of acid (8)
 g - a wand of digging (3)
Scrolls
 c - a scroll of fog
 h - a scroll of enchant weapon {unknown}
 i - a scroll of amnesia {unknown}
 j - a scroll of summoning {unknown}
 k - a scroll of teleportation {unknown}
 u - a scroll of identify {unknown}
 v - a scroll of enchant armour {unknown}
 y - a scroll of noise {unknown}
Potions
 l - a potion of brilliance {unknown}
 m - a potion of degeneration {unknown}
 p - a potion of magic {unknown}
 r - 2 potions of heal wounds {unknown}
 B - a potion of mutation {unknown}


   Skills:
 + Level 4.5 Fighting
 + Level 1.4 Short Blades
 + Level 5.1 Axes
 + Level 4.1 Armour
 + Level 3.0 Dodging
 + Level 6.1 Stealth
 + Level 0.1 Evocations


You had 6 spell levels left.
You didn't know any spells.
Your spell library contained the following spells:

 Spells                   Type           Power      Damage    Failure   Level
 Dazzling Flash           Conj/Hex       0%         N/A       91%         3
 Agony                    Necr           0%         N/A       100%        5
 Silence                  Hex/Air        0%         N/A       100%        5


Dungeon Overview and Level Annotations

Branches:
Dungeon (5/15)
 Temple: D:4-7

Altars:
Ashenzari
Dithmenos
Kikubaaqudgha
Wu Jian
Xom

Shops:
D:1 [

Annotations:
D:4 Natasha


Innate Abilities, Weirdness & Mutations

You have a pair of horns on your head.
You reflexively headbutt those who attack you in melee.


Message History

You kill the gnoll!
The black bear bites you.
The black bear claws you but does no damage.
The black bear claws you. The black bear closely misses you.
The black bear claws you but does no damage.
The black bear closely misses you.
Things that are here:
a +0 club; a +0 spear; a gnoll corpse The black bear barely misses you. x2
The black bear claws you but does no damage.
You see here a +0 spear.
The bullfrog croaks.
You puncture the black bear! You freeze the black bear.
You headbutt the black bear!
The black bear is almost dead.
The black bear goes berserk!
You barely miss the black bear. Your headbutt misses the black bear.
The black bear is almost dead.
The black bear bites you!
The black bear claws you but does no damage. x2
The black bear bites you!
* * * LOW HITPOINT WARNING * * *
The black bear claws you.
* * * LOW HITPOINT WARNING * * *
The black bear barely misses you.
You hit the black bear. You freeze the black bear.
You kill the black bear!
Natasha claws you.
* * * LOW HITPOINT WARNING * * *
Your Armour skill increases to level 4!
Your Dodging skill increases to level 3!
Okay, then.
You feel yourself speed up. Natasha closely misses you.
You furiously retaliate!
You headbutt Natasha!
Natasha stares at you and mumbles some strange words.
You resist with some effort. Natasha casts a spell at you.
The magic dart hits you!
You die...

#####..#..######.######.#########
......###........................
#####..#..######.######.#########
##...## #.# #.# ##### #.# #.# #.#
##.## #(# #.#.######## #.#
#..#.......< #@################
#.#.......# #### #.#.8...8.# #...
#h#.......# #.## #F'o..>...###
#.# #)#(......#<###.#
#.#.8...8.##....#
#/#.......#.##### #.###########


You could see a bullfrog and Natasha.

Vanquished Creatures
  A black bear (D:4)
  A bullfrog skeleton (D:4)
  An orc priest (D:4)
  2 hounds (D:4)
  2 jellies (D:4)
  3 iguanas
  Natasha (D:4)
  2 orc wizards (D:4)
  A hound skeleton (D:4)
  7 gnolls (D:4)
  9 adders
  An adder skeleton (D:4)
  2 worms (D:2)
  2 dart slugs (D:2)
  11 orcs
  7 bats
  10 endoplasms
  5 giant cockroaches
  7 goblins
  9 hobgoblins
  7 quokkas
  4 ball pythons
  7 frilled lizards
  3 kobolds
  7 rats
112 creatures vanquished.

Notes
Turn   | Place    | Note
-------+----------+-------------------------------------------
     0 | D:5      | cbfl8 the Minotaur Delver began the quest for the Orb.
     0 | D:5      | Reached XP level 1. HP: 19/19 MP: 0/0
    60 | D:5      | Noticed an iguana
    82 | D:5      | Killed an iguana
    83 | D:5      | Reached XP level 2. HP: 27/27 MP: 1/1
    92 | D:5      | Noticed a howler monkey
    98 | D:4      | Noticed a black bear
    98 | D:4      | Noticed a bullfrog
   151 | D:4      | Reached skill level 5 in Stealth
   151 | D:4      | Reached XP level 3. HP: 33/33 MP: 2/2
   158 | D:3      | Found a shadowy altar of Dithmenos.
   220 | D:3      | Reached XP level 4. HP: 40/40 MP: 3/3
   281 | D:3      | Reached skill level 1 in Armour
   295 | D:3      | Found an ornate altar of the Wu Jian Council.
   708 | D:3      | Found an ancient bone altar of Kikubaaqudgha.
   986 | D:2      | Reached XP level 5. HP: 36/46 MP: 4/4
  1292 | D:1      | Found Cear's Armour Emporium.
  2943 | D:4      | Noticed Natasha
  2948 | D:4      | Killed Natasha
  2996 | D:4      | Identified the +10 short sword of the Wraith {freeze, +Rage
                  | Dex+5}
  3097 | D:4      | Reached XP level 6. HP: 49/52 MP: 5/5
  3486 | D:4      | Found a broken altar of Ashenzari.
  3736 | D:4      | Reached skill level 6 in Stealth
  3739 | D:4      | Found a shimmering altar of Xom.
  3750 | D:4      | Reached skill level 1 in Short Blades
  3750 | D:4      | Reached XP level 7. HP: 56/60 MP: 6/6
  3880 | D:4      | Noticed Natasha
  3883 | D:4      | Reached skill level 5 in Axes
  3895 | D:4      | Killed from afar by Natasha

Illustrated notes

Levels and vault maps discovered:
D:1:      minmay_arrival_pointy, layout_rooms, serial_shops, shop_fountains,
          minmay_misc_feat_doors
D:2:      layout_basic
D:3:      layout_basic, nicolae_dithmenos_through_a_glass_darkly,
          nicolae_kikubaaqudgha_miasma_corner, mainiacjoe_overflow_paths
D:4:      layout_loops_ring, mainiacjoe_overflow_alcove_1, dk_xom_monty_hall,
          kennysheep_small_square, uniq_natasha
D:5:      layout_cave_pools, minmay_overflow_temple_star_quad

Skill      XL: |  1  2  3  4  5  6  7 |
---------------+----------------------+-----
Fighting       | 4 |  4.5
Stealth        | 5 6 |  6.1
Armour         | 1 2 3 4 |  4.1
Axes           | 3 4 5 |  5.1
Short Blades   | 1 |  1.4
Dodging        | 3 |  3.0
Evocations     | |  0.1

Action                   |  1- 3 |  4- 6 |  7- 9 || total
-------------------------+-------+-------+-------++-------
Melee: Hand axe          |     2 |   125 |       ||   127
       Headbutt          |     1 |    32 |     2 ||    35
       Short sword       |       |    48 |     9 ||    57
Evoke: Wand              |     3 |       |       ||     3
  Use: Scroll            |     2 |       |       ||     2
       Potion            |       |       |     1 ||     1
 Stab: Sleeping          |     1 |    11 |       ||    12
Armor: Leather armour    |       |    14 |       ||    14
       Ring mail         |       |    16 |       ||    16
       Scale mail        |       |    25 |    10 ||    35
Dodge: Dodged            |     1 |   121 |    14 ||   136
